 Dungeon Crawl Stone Soup version 0.31.0 (webtiles) character file.

Game seed: 10945104135989367665

68770 qw the Marksgargoyle (level 15, -7/101 HPs)
             Began as a Gargoyle Hunter on Jan 19, 2024.
             Was the Champion of Okawaru.
             Mangled by a centaur warrior (11 damage)
             ... on level 14 of the Dungeon.
             The game lasted 00:03:07 (16273 turns).

qw the Marksgargoyle (Gargoyle Hunter)             Turns: 16273, Time: 00:03:08

Health: -7/101     AC: 27    Str: 18    XL:     15   Next: 27%
Magic:  22/22      EV: 21    Int: 12    God:    Okawaru [******]
Gold:   949        SH:  0    Dex: 31    Spells: 14/14 levels left

rFire   . . .        s - +4 triple crossbow (flame)
rCold   . . .        (shield currently unavailable)
rNeg    + . .        f - +1 acid dragon scales
rPois   inf          i - +2 helmet
rElec   +            r - +1 cloak of Recklessness {rElec Str+4 Dex+6}
rCorr   +            (no gloves)
SInv    .            j - +0 pair of boots
Will    +....        d - amulet of faith
Stlth   ++           o - +4 ring of slaying {mikee}
HPRegen 0.36/turn    g - +6 ring of dexterity
MPRegen 0.18/turn

%: faith
@: flying
A: sickness immunity, AC +11, big wings, negative energy resistance 1,
electricity resistance, torment resistance 1, petrification resistance
a: Renounce Religion, Heroism, Finesse, Duel


You were on level 14 of the Dungeon.
You worshipped Okawaru.
Okawaru was exalted by your worship.
You visited 3 branches of the dungeon, and saw 20 of its levels.

You collected 1533 gold pieces.
You spent 584 gold pieces at shops.


Innate Abilities, Weirdness & Mutations

You are immune to sickness and miasma.
Your stone body is resilient. (AC +11)
You are immune to poison.
Your large and strong wings let you fly.
You resist negative energy. (rN+)
You are resistant to electric shocks. (rElec)
You are resistant to unholy torment.
You are immune to petrification.


   Skills:
 - Level 14.6 Fighting
 + Level 17.5 Ranged Weapons
 - Level 9.0 Armour
 - Level 9.0 Dodging
 - Level 1.1 Stealth
 - Level 10.0 Invocations


You had 14 spell levels left.
You didn't know any spells.
Your spell library was empty.

Inventory:

Hand Weapons
 s - a +4 triple crossbow of flaming (weapon)
Armour
 a - a +0 pair of gloves
 b - the +5 ring mail of Ena Neir {rC- Int+2 Stlth+}
   (You found it on level 2 of the Dungeon)

   Int+2:     It affects your intelligence (+2).
   rC-:       It makes you vulnerable to cold.
   Stlth+:    It makes you more stealthy.
 f - +1 acid dragon scales (worn)
 i - a +2 helmet (worn)
 j - a +0 pair of boots (worn)
 q - a +1 robe of fire resistance
 r - the +1 cloak of Recklessness (worn) {rElec Str+4 Dex+6}
   (Okawaru gifted it to you on level 13 of the Dungeon)

   Str+4:     It affects your strength (+4).
   Dex+6:     It affects your dexterity (+6).
   rElec:     It insulates you from electricity.
Jewellery
 d - an amulet of faith (around neck)
 g - a +6 ring of dexterity (right hand)
 h - a +5 ring of evasion
 o - a +4 ring of slaying (left hand) {mikee}
 Y - a ring of protection from fire
Wands
 p - a wand of digging (7)
 t - a wand of roots (6)
Scrolls
 e - 2 scrolls of identify
Potions
 k - a potion of mutation
 l - 6 potions of curing
 m - 2 potions of might
 n - a potion of enlightenment

Dungeon Overview and Level Annotations

Branches:
Dungeon (14/15)            Temple (1/1) D:7            Lair (5/5) D:9
 Shoals (0/4) Lair:2       Spider (0/4) Lair:2        Slime (0/5) Lair:5
    Orc (0/2) D:12
 Vaults: D:13-14

Altars:
Ashenzari
Cheibriados
Dithmenos
Elyvilon
Fedhas
Gozag
Hepliaklqana
Kikubaaqudgha
Makhleb
Nemelex Xobeh
Okawaru
Qazlal
Ru
Sif Muna
Trog
Uskayaw
Vehumet
Wu Jian
Xom
Yredelemnul
Zin
The Shining One
Jiyva

Shops:
D:3 =   D:9 *

Annotations:
Lair:3 3 runed translucent doors, qw's ghost, journeyman GrHu
Lair:5 exclusion: 3 lindwurms


Message History

The tengu warrior barely misses you.
The centaur warrior shoots an arrow.
The arrow misses you.
The arrow hits the tengu warrior!!
16269 ||| DRINKING potion of heal wounds.
You feel much better.
The centaur warrior shoots an arrow.
The arrow barely misses you.
The arrow hits the tengu warrior!
The centaur warrior shoots an arrow.
The arrow closely misses you.
The tengu warrior blocks the arrow.
The tengu warrior hits you with a +3 war axe.
The tengu warrior pecks you but does no damage.
The tengu warrior completely misses you.
You shoot a bolt. The tengu warrior blocks the bolt.
The centaur warrior shoots an arrow.
The arrow barely misses you.
The centaur warrior shoots an arrow.
The arrow hits you!
The centaur warrior shoots an arrow.
The arrow closely misses you.
The tengu warrior completely misses you.
The tengu warrior pecks you but does no damage.
The tengu warrior claws you but does no damage.
The centaur warrior shoots an arrow.
The arrow completely misses you.
The arrow closely misses the tengu warrior.
You shoot a bolt. The bolt misses the tengu warrior.
The centaur warrior shoots an arrow.
The arrow misses you.
The centaur warrior shoots an arrow.
The arrow barely misses you.
The arrow hits the tengu warrior!
The tengu warrior dies!
The centaur warrior shoots an arrow.
The arrow hits you!
The centaur warrior shoots an arrow.
The arrow hits you but does no damage.
You shoot a bolt. The bolt hits the centaur warrior!!
The bolt burns the centaur warrior!
The centaur warrior is severely wounded.
The centaur warrior shoots an arrow.
The arrow barely misses you.
The centaur warrior shoots an arrow.
The arrow hits you!
The centaur warrior unwields a +0 orcbow.
The centaur warrior barely misses you.
The centaur warrior kicks you but does no damage.
You shoot a bolt. The bolt hits the centaur warrior!!!
The bolt burns the centaur warrior.
You kill the centaur warrior!
Okawaru accepts your kill. The centaur warrior hits you!
You die...

.....# .###
#####......### ~~~###
..... #.......####
~~~# ..... #.#....##
~~~#
....######......#
~~~# #....#.....#...#
~~## #....#.....#...#
~## #(...#.....##..#
~## #...)...###...#
~~## ####@#### ...#
~~~# #'c)# #...# ~~~#
.....). #...# ~~#####
#.....#.# ......#
#.......#
......#######.......#
...........######...
......>....# ...#
#...# ...........#
#...#


You could see a centaur warrior.

Vanquished Creatures
  Rupert (Lair:3)
  Kirke (D:13)
  4 hydras
  3 rakshasas (D:14)
  An ogre mage (D:14)
  4 centaur warriors
  Erolcha (D:11)
  3 catoblepae (Lair:5)
  2 two-headed ogres
  2 boulder beetles
  8 death yaks (Lair:5)
  2 tengu warriors (D:14)
  3 skeletal warriors (D:13)
  3 skysharks
  An arcanist (D:14)
  Pikel (D:9)
  2 lindwurms (Lair:5)
  4 ugly things
  4 manticores
  5 cyclopes
  4 black mambas
  14 cane toads
  6 elephants
  3 meliai (D:14)
  3 torpor snails
  3 gargoyles
  9 komodo dragons
  2 yaktaurs (D:14)
  An efreet (D:14)
  An unseen horror (D:11)
  4 rime drakes
  3 polar bears
  2 trolls
  2 hornets
  8 blink frogs
  7 dream sheep
  5 slime creatures (D:12)
  A jumping spider (Lair:2)
  6 shadows
  3 vampires
  3 wraiths
  3 water elementals (D:14)
  3 hogs (D:13)
  4 humans (D:13)
  35 yaks
  4 wyverns
  12 vampire mosquitoes
  3 basilisks
  A warg (D:12)
  3 redbacks (Lair:2)
  2 steam dragons
  Grum (D:11)
  3 acid dragons
  11 water moccasins
  8 orc warriors
  2 sky beasts
  3 black bears
  2 laughing skulls (D:13)
  25 wolves
  5 centaurs
  An ogre (D:4)
  4 lemures (D:9)
  3 kobold brigands
  17 bullfrogs
  2 gnoll sergeants
  2 scorpions
  4 wights (D:9)
  A killer bee (D:10)
  6 howler monkeys
  2 electric eels (D:14)
  2 bombardier beetles (D:4)
  10 hounds
  A jelly (D:5)
  5 orc priests
  Terence (D:2)
  12 hell rats
  12 orc wizards
  Robin (D:2)
  6 adders
  13 gnolls
  3 white imps
  A dart slug (D:1)
  44 orcs
  8 ball pythons
  6 endoplasms
  5 giant cockroaches
  14 goblins
  10 hobgoblins
  6 jackals
  5 quokkas
  9 bats
  A frilled lizard (D:3)
  20 kobolds
  8 rats
520 creatures vanquished.

Vanquished Creatures (others)
  A tengu warrior (D:14)
1 creature vanquished.

Grand Total: 521 creatures vanquished

Notes
Turn   | Place    | Note
-------+----------+-------------------------------------------
     0 | D:1      | qw the Gargoyle Hunter began the quest for the Orb.
     0 | D:1      | Reached XP level 1. HP: 12/12 MP: 1/1
     0 | D:1      | 0 ||| qw: Version: 0.3-a-132-g3d54051
     0 | D:1      | 0 ||| qw: Game counter: 407
     0 | D:1      | 0 ||| qw: Melee chars always use a shield: true
     0 | D:1      | 0 ||| qw: God list: Okawaru
     0 | D:1      | 0 ||| qw: Allow faded altars: false
     0 | D:1      | 0 ||| qw: Do Orc after clearing Dungeon:15 true
     0 | D:1      | 0 ||| qw: Do second Lair branch before Depths: true
     0 | D:1      | 0 ||| qw: Lair rune preference: random
     0 | D:1      | 0 ||| qw: Goals: Normal
     0 | D:1      | 0 ||| PLANNING D:1-11
   114 | D:1      | Reached XP level 2. HP: 17/17 MP: 2/2
   488 | D:1      | Reached XP level 3. HP: 21/21 MP: 3/3
   507 | D:1      | Reached skill level 5 in Ranged Weapons
   603 | D:1      | 603 ||| UPGRADING to amulet of faith.
   608 | D:1      | 608 ||| READING scroll labelled ARUSCH KIUVU.
   609 | D:1      | 609 ||| READING 3 scrolls labelled EGA YKOTISUWE.
   612 | D:1      | 612 ||| READING scroll labelled YGAEN QEZYM.
   613 | D:1      | 613 ||| READING scroll labelled XIBOSHINTE.
   613 | D:1      | 613 ||| ENCHANTING +0 shortbow.
   614 | D:1      | 614 ||| READING scroll labelled RAJ MOEZXOJ.
   614 | D:1      | 614 ||| IDENTIFYING smoky amethyst potion
   615 | D:1      | 615 ||| DRINKING potion of experience.
   615 | D:1      | Reached XP level 4. HP: 40/40 MP: 4/4
   616 | D:1      | 616 ||| DRINKING 2 puce potions.
   617 | D:1      | 617 ||| DROPPING scroll of butterflies.
   618 | D:1      | 618 ||| DROPPING potion of brilliance.
   654 | D:2      | 654 ||| STAIRDANCE
   691 | D:2      | Identified the +5 ring mail of Ena Neir {rC- Int+2 Stlth+}
   799 | D:2      | Noticed Terence
   807 | D:2      | Killed Terence
   808 | D:2      | Reached XP level 5. HP: 39/45 MP: 5/5
   808 | D:2      | 808 ||| FLEEEEING.
   810 | D:2      | 810 ||| FLEEEEING.
   811 | D:2      | 811 ||| FLEEEEING.
   845 | D:2      | Noticed Robin
   864 | D:2      | Killed Robin
  1191 | D:2      | 1191 ||| UPGRADING to +5 ring mail of Ena Neir {rC- Int+2
                  | Stlth+}.
  1201 | D:2      | 1201 ||| DROPPING +0 leather armour.
  1202 | D:2      | 1202 ||| UPGRADING to +2 helmet.
  1207 | D:2      | 1207 ||| UPGRADING to ring of positive energy.
  1208 | D:2      | 1208 ||| READING scroll of identify.
  1208 | D:2      | 1208 ||| IDENTIFYING scroll labelled KUANAN COVAA
  1209 | D:2      | 1209 ||| DROPPING scroll of silence.
  1227 | D:3      | Found Vouvetuf's One-of-a-Kind Rings.
  1238 | D:3      | 1238 ||| SHOPLISTING +2 ring of protection (120 gold, have
                  | 87).
  1238 | D:3      | 1238 ||| SHOPLISTING +3 ring of strength (120 gold, have
                  | 87).
  1238 | D:3      | 1238 ||| SHOPLISTING +5 ring of slaying (1364 gold, have
                  | 87).
  1238 | D:3      | 1238 ||| SHOPLISTING +8 ring of evasion (936 gold, have
                  | 87).
  1238 | D:3      | 1238 ||| SHOPLISTING +9 ring of dexterity (936 gold, have
                  | 87).
  1238 | D:3      | 1238 ||| SHOPLISTING ring of Qimmalec {Fire ^Drain Str+7
                  | Dex-3 SInv} (468 gold, have 87).
  1436 | D:3      | Found an ancient bone altar of Kikubaaqudgha.
  1638 | D:3      | Found a faded altar of an unknown god.
  1808 | D:3      | 1808 ||| FLEEEEING.
  1812 | D:3      | 1812 ||| STAIRDANCE
  1832 | D:2      | 1832 ||| UPGRADING to +6 ring of dexterity.
  1833 | D:2      | 1833 ||| DROPPING +6 ring of intelligence.
  1834 | D:2      | 1834 ||| DROPPING ring of magical power.
  1835 | D:2      | 1835 ||| READING scroll labelled CURHETIHON.
  2094 | D:3      | 2094 ||| READING scroll of identify.
  2094 | D:3      | 2094 ||| IDENTIFYING 2 bubbling green potions
  2095 | D:3      | 2095 ||| DROPPING 2 potions of degeneration.
  2109 | D:4      | Noticed a black bear
  2119 | D:4      | 2119 ||| RETREEEEATING.
  2120 | D:4      | 2120 ||| RETREEEEATING.
  2121 | D:4      | 2121 ||| RETREEEEATING.
  2122 | D:4      | 2122 ||| RETREEEEATING.
  2127 | D:4      | HP: 8/45 [black bear (7)]
  2128 | D:4      | 2128 ||| READING 3 scrolls of teleportation.
  2129 | D:4      | HP: 1/45 [black bear (7)]
  2130 | D:4      | Killed a black bear
  2131 | D:4      | Reached XP level 6. HP: 2/50 MP: 6/6
  2379 | D:4      | Found an ornate altar of the Wu Jian Council.
  2460 | D:4      | Reached skill level 6 in Ranged Weapons
  2460 | D:4      | Reached XP level 7. HP: 55/55 MP: 7/7
  2463 | D:4      | 2463 ||| FLEEEEING.
  2464 | D:4      | 2464 ||| FLEEEEING.
  2489 | D:4      | 2489 ||| FLEEEEING.
  2492 | D:4      | 2492 ||| STAIRDANCE
  2498 | D:3      | 2498 ||| READING 3 scrolls labelled GOMEMNYTIS.
  2499 | D:3      | 2499 ||| READING scroll labelled XEFEGO POAGIASH.
  2499 | D:3      | 2499 ||| ENCHANTING +1 shortbow.
  2500 | D:3      | 2500 ||| DROPPING 2 scrolls of noise.
  2514 | D:4      | 2514 ||| READING scroll of enchant weapon.
  2514 | D:4      | 2514 ||| ENCHANTING +1 shortbow.
  2715 | D:4      | 2715 ||| FLEEEEING.
  2828 | D:4      | 2828 ||| READING scroll labelled VIMIRU LUED.
  2829 | D:4      | 2829 ||| FLEEEEING.
  2839 | D:4      | 2839 ||| STAIRDANCE
  2876 | D:5      | Entered Level 5 of the Dungeon
  2912 | D:5      | Reached skill level 7 in Ranged Weapons
  2935 | D:5      | Reached XP level 8. HP: 60/60 MP: 8/8
  3265 | D:5      | 3265 ||| FLEEEEING.
  3672 | D:5      | Reached skill level 8 in Ranged Weapons
  3766 | D:5      | 3766 ||| UPGRADING to ring of protection from fire.
  3768 | D:5      | 3768 ||| DRINKING 2 blue potions.
  3769 | D:5      | 3769 ||| DROPPING potion of attraction.
  3783 | D:6      | 3783 ||| STAIRDANCE
  3789 | D:6      | 3789 ||| STAIRDANCE
  3835 | D:6      | 3835 ||| RETREEEEATING.
  4004 | D:6      | Found a radiant altar of Vehumet.
  4223 | D:6      | 4223 ||| DROPPING ring of positive energy.
  4224 | D:6      | 4224 ||| READING 2 scrolls of identify.
  4224 | D:6      | 4224 ||| IDENTIFYING coppery potion
  4225 | D:6      | 4225 ||| READING scroll of identify.
  4225 | D:6      | 4225 ||| IDENTIFYING emerald potion
  4226 | D:6      | 4226 ||| READING scroll labelled RIXZEI GEILOT.
  4290 | D:7      | 4290 ||| DRINKING 2 metallic inky potions.
  4348 | D:7      | Reached skill level 9 in Ranged Weapons
  4348 | D:7      | Reached XP level 9. HP: 49/65 MP: 9/9
  4349 | D:7      | 4349 ||| FLEEEEING.
  4447 | D:7      | 4447 ||| READING scroll of enchant weapon.
  4447 | D:7      | 4447 ||| ENCHANTING +2 shortbow.
  4478 | D:7      | Found a staircase to the Ecumenical Temple.
  4479 | D:7      | 4479 ||| PLANNING TEMPLE
  4481 | D:7      | Noticed a hornet
  4488 | D:7      | Killed a hornet
  4489 | D:7      | Reached skill level 3 in Dodging
  4495 | Temple   | Entered the Ecumenical Temple
  4496 | Temple   | 4496 ||| PLANNING D:1-11
  4740 | D:7      | 4740 ||| SWAPPING to +0 orcbow.
  4741 | D:7      | 4741 ||| DROPPING +3 shortbow.
  4875 | D:7      | Found a hazy altar of Hepliaklqana.
  4876 | D:7      | Found a shadowy altar of Dithmenos.
  4881 | D:7      | 4881 ||| READING 3 scrolls of identify.
  4881 | D:7      | 4881 ||| IDENTIFYING scroll labelled ASYEKK CIETULIVUMN
  4882 | D:7      | 4882 ||| DROPPING scroll of immolation.
  4912 | D:8      | 4912 ||| STAIRDANCE
  4920 | D:8      | 4920 ||| STAIRDANCE
  4926 | D:8      | 4926 ||| STAIRDANCE
  4972 | D:8      | 4972 ||| FLEEEEING.
  4978 | D:8      | 4978 ||| DRINKING 2 potions of curing.
  4978 | D:8      | 4978 ||| (to cure confusion)
  4981 | D:8      | 4981 ||| STAIRDANCE
  5097 | D:8      | Noticed a two-headed ogre
  5111 | D:8      | Killed a two-headed ogre
  5112 | D:8      | Reached skill level 10 in Ranged Weapons
  5112 | D:8      | 5112 ||| FLEEEEING.
  5288 | D:8      | Found a stormy altar of Qazlal.
  5312 | D:8      | Reached XP level 10. HP: 55/71 MP: 10/10
  5316 | D:8      | 5316 ||| FLEEEEING.
  5367 | D:8      | Found a snail-covered altar of Cheibriados.
  5380 | D:8      | Identified the +1 robe of Submission {rC- Str+2 Archmagi}
  5394 | D:8      | 5394 ||| READING scroll of enchant weapon.
  5394 | D:8      | 5394 ||| ENCHANTING +0 orcbow.
  5539 | D:8      | Found a white marble altar of Elyvilon.
  5544 | D:8      | Found a hide-covered altar of Uskayaw.
  5551 | D:8      | Found a bloodstained altar of Trog.
  5556 | D:8      | 5556 ||| READING scroll of enchant weapon.
  5556 | D:8      | 5556 ||| ENCHANTING +1 orcbow.
  5557 | D:8      | Found a shimmering blue altar of Sif Muna.
  5597 | D:8      | 5597 ||| DROPPING +1 robe of Submission {rC- Str+2
                  | Archmagi}.
  5598 | D:8      | 5598 ||| DROPPING +6 ring of strength.
  5599 | D:8      | 5599 ||| UPGRADING to +4 ring of slaying {mikee}.
  5601 | D:8      | 5601 ||| READING 3 scrolls of identify.
  5601 | D:8      | 5601 ||| IDENTIFYING green potion
  5602 | D:8      | 5602 ||| READING 2 scrolls of identify.
  5602 | D:8      | 5602 ||| IDENTIFYING 2 black potions
  5603 | D:8      | 5603 ||| READING scroll of identify.
  5603 | D:8      | 5603 ||| IDENTIFYING scroll labelled HOZUECL BEXTU
  5604 | D:8      | 5604 ||| DROPPING potion of ambrosia.
  5605 | D:8      | 5605 ||| DROPPING scroll of fear.
  5606 | D:8      | 5606 ||| DROPPING 2 potions of magic.
  5711 | D:9      | Found an iron altar of Okawaru.
  5712 | D:9      | 5712 ||| PLANNING OKAWARU WORSHIP
  5715 | D:9      | 5715 ||| RETREEEEATING.
  5719 | D:9      | 5719 ||| RETREEEEATING.
  5720 | D:9      | 5720 ||| RETREEEEATING.
  5722 | D:9      | 5722 ||| RETREEEEATING.
  5723 | D:9      | 5723 ||| RETREEEEATING.
  5724 | D:9      | 5724 ||| RETREEEEATING.
  5728 | D:9      | 5728 ||| RETREEEEATING.
  5729 | D:9      | 5729 ||| RETREEEEATING.
  5731 | D:9      | 5731 ||| RETREEEEATING.
  5732 | D:9      | 5732 ||| RETREEEEATING.
  5746 | D:9      | 5746 ||| FLEEEEING.
  5859 | D:9      | Noticed Pikel
  5860 | D:9      | 5860 ||| SWAPPING to +2 orcbow of flaming.
  5861 | D:9      | 5861 ||| DROPPING +2 orcbow.
  5870 | D:9      | Became a worshipper of Warmaster Okawaru
  5871 | D:9      | 5871 ||| PLANNING D:1-11
  5875 | D:9      | 5875 ||| RETREEEEATING.
  5876 | D:9      | 5876 ||| RETREEEEATING.
  5882 | D:9      | Killed Pikel
  5882 | D:9      | Reached * piety under Okawaru
  5883 | D:9      | Reached skill level 11 in Ranged Weapons
  6006 | D:9      | Reached skill level 1 in Invocations
  6019 | D:9      | Noticed an elephant
  6020 | D:9      | 6020 ||| INVOKING Heroism.
  6029 | D:9      | Reached skill level 3 in Armour
  6029 | D:9      | 6029 ||| RETREEEEATING.
  6030 | D:9      | Killed an elephant
  6038 | D:9      | Reached skill level 3 in Invocations
  6038 | D:9      | 6038 ||| FLEEEEING.
  6039 | D:9      | 6039 ||| FLEEEEING.
  6040 | D:9      | 6040 ||| FLEEEEING.
  6041 | D:9      | 6041 ||| FLEEEEING.
  6042 | D:9      | 6042 ||| FLEEEEING.
  6043 | D:9      | 6043 ||| FLEEEEING.
  6044 | D:9      | 6044 ||| FLEEEEING.
  6045 | D:9      | 6045 ||| FLEEEEING.
  6046 | D:9      | 6046 ||| FLEEEEING.
  6047 | D:9      | 6047 ||| FLEEEEING.
  6048 | D:9      | 6048 ||| FLEEEEING.
  6049 | D:9      | 6049 ||| FLEEEEING.
  6050 | D:9      | 6050 ||| FLEEEEING.
  6051 | D:9      | 6051 ||| FLEEEEING.
  6052 | D:9      | 6052 ||| FLEEEEING.
  6053 | D:9      | 6053 ||| FLEEEEING.
  6098 | D:9      | Found a staircase to the Lair.
  6267 | D:9      | Reached ** piety under Okawaru
  6292 | D:9      | Found Jiet's Island Escapes.
  6610 | D:9      | 6610 ||| PLANNING LAIR
  6610 | D:9      | 6610 ||| READING scroll of identify.
  6610 | D:9      | 6610 ||| IDENTIFYING glowing coppery potion
  6652 | Lair:1   | Entered Level 1 of the Lair of Beasts
  6682 | Lair:1   | 6682 ||| FLEEEEING.
  6715 | Lair:1   | Reached skill level 12 in Ranged Weapons
  6722 | Lair:1   | 6722 ||| RETREEEEATING.
  6723 | Lair:1   | 6723 ||| RETREEEEATING.
  6724 | Lair:1   | 6724 ||| RETREEEEATING.
  6725 | Lair:1   | 6725 ||| RETREEEEATING.
  6726 | Lair:1   | 6726 ||| RETREEEEATING.
  6727 | Lair:1   | 6727 ||| RETREEEEATING.
  6728 | Lair:1   | 6728 ||| RETREEEEATING.
  6730 | Lair:1   | 6730 ||| INVOKING Heroism.
  6739 | Lair:1   | Reached *** piety under Okawaru
  6741 | Lair:1   | Noticed a cane toad
  6748 | Lair:1   | Reached XP level 11. HP: 47/76 MP: 12/14
  6768 | Lair:1   | 6768 ||| FLEEEEING.
  6844 | Lair:1   | 6844 ||| FLEEEEING.
  6845 | Lair:1   | 6845 ||| FLEEEEING.
  6846 | Lair:1   | 6846 ||| FLEEEEING.
  6847 | Lair:1   | 6847 ||| FLEEEEING.
  6888 | Lair:1   | Reached **** piety under Okawaru
  6923 | Lair:1   | Reached skill level 13 in Ranged Weapons
  7095 | Lair:1   | Noticed a skyshark
  7096 | Lair:1   | 7096 ||| INVOKING Finesse.
  7109 | Lair:1   | Killed a skyshark
  7127 | Lair:1   | 7127 ||| FLEEEEING.
  7213 | Lair:1   | 7213 ||| FLEEEEING.
  7292 | Lair:1   | 7292 ||| RETREEEEATING.
  7295 | Lair:1   | 7295 ||| RETREEEEATING.
  7297 | Lair:1   | 7297 ||| RETREEEEATING.
  7298 | Lair:1   | 7298 ||| RETREEEEATING.
  7299 | Lair:1   | 7299 ||| RETREEEEATING.
  7300 | Lair:1   | 7300 ||| RETREEEEATING.
  7301 | Lair:1   | 7301 ||| RETREEEEATING.
  7302 | Lair:1   | 7302 ||| RETREEEEATING.
  7303 | Lair:1   | 7303 ||| RETREEEEATING.
  7304 | Lair:1   | 7304 ||| INVOKING Finesse.
  7422 | Lair:1   | Reached skill level 6 in Invocations
  7487 | Lair:1   | 7487 ||| READING scroll of enchant weapon.
  7487 | Lair:1   | 7487 ||| ENCHANTING +2 orcbow of flaming.
  7747 | Lair:1   | 7747 ||| READING 2 scrolls of identify.
  7747 | Lair:1   | 7747 ||| IDENTIFYING fuming purple potion
  7748 | Lair:1   | 7748 ||| READING scroll of identify.
  7748 | Lair:1   | 7748 ||| IDENTIFYING fizzy emerald potion
  7749 | Lair:1   | 7749 ||| DROPPING potion of lignification.
  7892 | Lair:2   | 7892 ||| FLEEEEING.
  7898 | Lair:2   | 7898 ||| STAIRDANCE
  7928 | Lair:2   | Reached ***** piety under Okawaru
  7930 | Lair:2   | Found a hole to the Spider Nest.
  7936 | Lair:2   | 7936 ||| RETREEEEATING.
  7998 | Lair:2   | Found a staircase to the Shoals.
  8086 | Lair:2   | Reached skill level 14 in Ranged Weapons
  8152 | Lair:2   | Received a gift from Okawaru
  8408 | Lair:3   | Reached XP level 12. HP: 80/80 MP: 17/17
  8411 | Lair:3   | Found a runed translucent gate.
  8411 | Lair:3   | Found a runed translucent gate.
  8411 | Lair:3   | Found a runed translucent gate.
  8415 | Lair:3   | Noticed qw's ghost (journeyman GrHu)
  8417 | Lair:3   | Noticed Rupert
  8418 | Lair:3   | 8418 ||| INVOKING Finesse.
  8429 | Lair:3   | Paralysed by Rupert for 4 turns
  8433 | Lair:3   | Noticed a boulder beetle
  8434 | Lair:3   | 8434 ||| INVOKING Heroism.
  8438 | Lair:3   | Killed Rupert
  8439 | Lair:3   | 8439 ||| FLEEEEING.
  8443 | Lair:3   | 8443 ||| STAIRDANCE
  8477 | Lair:2   | 8477 ||| FLEEEEING.
  8620 | Lair:3   | 8620 ||| STAIRDANCE
  8622 | Lair:2   | 8622 ||| FLEEEEING.
  8701 | Lair:3   | 8701 ||| RETREEEEATING.
  8704 | Lair:3   | 8704 ||| RETREEEEATING.
  8705 | Lair:3   | 8705 ||| RETREEEEATING.
  8706 | Lair:3   | 8706 ||| RETREEEEATING.
  8707 | Lair:3   | 8707 ||| RETREEEEATING.
  8708 | Lair:3   | 8708 ||| RETREEEEATING.
  8709 | Lair:3   | 8709 ||| RETREEEEATING.
  8710 | Lair:3   | 8710 ||| RETREEEEATING.
  8711 | Lair:3   | 8711 ||| RETREEEEATING.
  8712 | Lair:3   | 8712 ||| RETREEEEATING.
  8713 | Lair:3   | 8713 ||| RETREEEEATING.
  8714 | Lair:3   | 8714 ||| RETREEEEATING.
  8715 | Lair:3   | 8715 ||| RETREEEEATING.
  8752 | Lair:3   | Noticed a five-headed hydra
  8753 | Lair:3   | 8753 ||| INVOKING Finesse.
  8763 | Lair:3   | Killed a five-headed hydra
  8764 | Lair:3   | Reached skill level 9 in Invocations
  8764 | Lair:3   | 8764 ||| RETREEEEATING.
  8765 | Lair:3   | 8765 ||| RETREEEEATING.
  8766 | Lair:3   | 8766 ||| RETREEEEATING.
  8767 | Lair:3   | 8767 ||| RETREEEEATING.
  8768 | Lair:3   | 8768 ||| RETREEEEATING.
  8775 | Lair:3   | 8775 ||| RETREEEEATING.
  8786 | Lair:3   | 8786 ||| RETREEEEATING.
  8787 | Lair:3   | 8787 ||| RETREEEEATING.
  8788 | Lair:3   | 8788 ||| RETREEEEATING.
  8788 | Lair:3   | Noticed a skyshark
  8789 | Lair:3   | 8789 ||| RETREEEEATING.
  8790 | Lair:3   | 8790 ||| RETREEEEATING.
  8792 | Lair:3   | 8792 ||| INVOKING Finesse.
  8793 | Lair:3   | 8793 ||| RETREEEEATING.
  8794 | Lair:3   | 8794 ||| RETREEEEATING.
  8795 | Lair:3   | 8795 ||| RETREEEEATING.
  8796 | Lair:3   | 8796 ||| RETREEEEATING.
  8797 | Lair:3   | 8797 ||| RETREEEEATING.
  8798 | Lair:3   | 8798 ||| RETREEEEATING.
  8799 | Lair:3   | 8799 ||| RETREEEEATING.
  8800 | Lair:3   | 8800 ||| RETREEEEATING.
  8801 | Lair:3   | 8801 ||| RETREEEEATING.
  8802 | Lair:3   | 8802 ||| INVOKING Finesse.
  8803 | Lair:3   | 8803 ||| INVOKING Heroism.
  8804 | Lair:3   | 8804 ||| DRINKING potion of haste.
  8805 | Lair:3   | 8805 ||| RETREEEEATING.
  8824 | Lair:3   | Killed a skyshark
  8848 | Lair:3   | 8848 ||| FLEEEEING.
  8856 | Lair:3   | 8856 ||| FLEEEEING.
  8857 | Lair:3   | 8857 ||| FLEEEEING.
  8858 | Lair:3   | 8858 ||| RETREEEEATING.
  8859 | Lair:3   | 8859 ||| RETREEEEATING.
  8860 | Lair:3   | 8860 ||| RETREEEEATING.
  8861 | Lair:3   | 8861 ||| RETREEEEATING.
  8862 | Lair:3   | 8862 ||| RETREEEEATING.
  8863 | Lair:3   | 8863 ||| RETREEEEATING.
  8864 | Lair:3   | 8864 ||| RETREEEEATING.
  8865 | Lair:3   | 8865 ||| RETREEEEATING.
  8866 | Lair:3   | 8866 ||| RETREEEEATING.
  8867 | Lair:3   | 8867 ||| RETREEEEATING.
  8868 | Lair:3   | 8868 ||| RETREEEEATING.
  8869 | Lair:3   | 8869 ||| RETREEEEATING.
  8876 | Lair:3   | 8876 ||| RETREEEEATING.
  8877 | Lair:3   | 8877 ||| RETREEEEATING.
  8878 | Lair:3   | 8878 ||| RETREEEEATING.
  8879 | Lair:3   | 8879 ||| RETREEEEATING.
  8880 | Lair:3   | 8880 ||| RETREEEEATING.
  8880 | Lair:3   | HP: 20/80 [hell rat (1)]
  8881 | Lair:3   | 8881 ||| READING 2 scrolls of teleportation.
  8882 | Lair:3   | 8882 ||| DRINKING 5 potions of heal wounds.
  8957 | Lair:3   | Reached skill level 15 in Ranged Weapons
  9066 | Lair:3   | Received a gift from Okawaru
  9180 | Lair:3   | Noticed a seven-headed hydra
  9181 | Lair:3   | 9181 ||| RETREEEEATING.
  9182 | Lair:3   | 9182 ||| RETREEEEATING.
  9183 | Lair:3   | 9183 ||| INVOKING Finesse.
  9189 | Lair:3   | Killed a seven-headed hydra
  9195 | Lair:3   | 9195 ||| INVOKING Heroism.
  9255 | Lair:3   | 9255 ||| INVOKING Finesse.
  9332 | Lair:3   | Reached XP level 13. HP: 85/85 MP: 20/20
  9455 | Lair:3   | 9455 ||| FLEEEEING.
  9472 | Lair:3   | 9472 ||| FLEEEEING.
  9473 | Lair:3   | 9473 ||| FLEEEEING.
  9474 | Lair:3   | 9474 ||| FLEEEEING.
  9475 | Lair:3   | 9475 ||| FLEEEEING.
  9476 | Lair:3   | 9476 ||| FLEEEEING.
  9534 | Lair:3   | 9534 ||| FLEEEEING.
  9560 | Lair:3   | 9560 ||| FLEEEEING.
  9561 | Lair:3   | 9561 ||| FLEEEEING.
  9564 | Lair:3   | 9564 ||| STAIRDANCE
  9662 | Lair:3   | Received a gift from Okawaru
  9666 | Lair:3   | Reached skill level 16 in Ranged Weapons
 10080 | Lair:4   | 10080 ||| RETREEEEATING.
 10081 | Lair:4   | 10081 ||| RETREEEEATING.
 10082 | Lair:4   | 10082 ||| INVOKING Finesse.
 10083 | Lair:4   | 10083 ||| RETREEEEATING.
 10171 | Lair:4   | 10171 ||| RETREEEEATING.
 10172 | Lair:4   | 10172 ||| RETREEEEATING.
 10188 | Lair:4   | Reached skill level 6 in Dodging
 10204 | Lair:4   | 10204 ||| RETREEEEATING.
 10628 | Lair:4   | 10628 ||| UPGRADING to +0 cloak.
 10641 | Lair:5   | Entered Level 5 of the Lair of Beasts
 10653 | Lair:5   | Received a gift from Okawaru
 10660 | Lair:5   | 10660 ||| RETREEEEATING.
 10670 | Lair:5   | 10670 ||| RETREEEEATING.
 10671 | Lair:5   | 10671 ||| INVOKING Finesse.
 10687 | Lair:5   | Reached skill level 6 in Armour
 10781 | Lair:5   | 10781 ||| INVOKING Finesse.
 10782 | Lair:5   | 10782 ||| INVOKING Finesse.
 10783 | Lair:5   | 10783 ||| INVOKING Heroism.
 10853 | Lair:5   | Reached skill level 12 in Fighting
 10964 | Lair:5   | Found a viscous altar of Jiyva.
 10964 | Lair:5   | Found a staircase to the Slime Pits.
 11014 | Lair:5   | 11014 ||| RETREEEEATING.
 11016 | Lair:5   | 11016 ||| RETREEEEATING.
 11026 | Lair:5   | 11026 ||| INVOKING Finesse.
 11037 | Lair:5   | Received a gift from Okawaru
 11305 | Lair:5   | 11305 ||| RETREEEEATING.
 11306 | Lair:5   | 11306 ||| RETREEEEATING.
 11307 | Lair:5   | 11307 ||| RETREEEEATING.
 11324 | Lair:5   | 11324 ||| RETREEEEATING.
 11325 | Lair:5   | 11325 ||| RETREEEEATING.
 11326 | Lair:5   | 11326 ||| RETREEEEATING.
 11327 | Lair:5   | 11327 ||| RETREEEEATING.
 11328 | Lair:5   | 11328 ||| RETREEEEATING.
 11337 | Lair:5   | 11337 ||| RETREEEEATING.
 11338 | Lair:5   | 11338 ||| RETREEEEATING.
 11339 | Lair:5   | 11339 ||| RETREEEEATING.
 11340 | Lair:5   | 11340 ||| RETREEEEATING.
 11341 | Lair:5   | 11341 ||| RETREEEEATING.
 11342 | Lair:5   | 11342 ||| RETREEEEATING.
 11343 | Lair:5   | 11343 ||| RETREEEEATING.
 11344 | Lair:5   | 11344 ||| RETREEEEATING.
 11345 | Lair:5   | 11345 ||| RETREEEEATING.
 11346 | Lair:5   | 11346 ||| RETREEEEATING.
 11347 | Lair:5   | 11347 ||| RETREEEEATING.
 11348 | Lair:5   | 11348 ||| RETREEEEATING.
 11349 | Lair:5   | 11349 ||| RETREEEEATING.
 11350 | Lair:5   | 11350 ||| RETREEEEATING.
 11351 | Lair:5   | 11351 ||| INVOKING Finesse.
 11358 | Lair:5   | Received a gift from Okawaru
 11372 | Lair:5   | Gained mutation: Your large and strong wings let you fly.
                  | [Gargoyle growth]
 11372 | Lair:5   | Reached XP level 14. HP: 35/94 MP: 16/21
 11381 | Lair:5   | HP: 19/94 [death yak (17)]
 11382 | Lair:5   | 11382 ||| READING scroll of teleportation.
 11383 | Lair:5   | 11383 ||| DRINKING 6 potions of heal wounds.
 11666 | Lair:5   | 11666 ||| DROPPING +2 orcbow of freezing.
 11718 | Lair:5   | 11718 ||| RETREEEEATING.
 11719 | Lair:5   | 11719 ||| RETREEEEATING.
 11720 | Lair:5   | 11720 ||| RETREEEEATING.
 11721 | Lair:5   | 11721 ||| RETREEEEATING.
 11722 | Lair:5   | 11722 ||| RETREEEEATING.
 11723 | Lair:5   | 11723 ||| RETREEEEATING.
 11725 | Lair:5   | 11725 ||| RETREEEEATING.
 11744 | Lair:5   | HP: 22/94 [yak (3)]
 11745 | Lair:5   | 11745 ||| DRINKING 5 potions of heal wounds.
 11747 | Lair:5   | 11747 ||| DRINKING 4 potions of heal wounds.
 11761 | Lair:5   | 11761 ||| FLEEEEING.
 11895 | Lair:5   | 11895 ||| FLEEEEING.
 11896 | Lair:5   | 11896 ||| FLEEEEING.
 11901 | Lair:5   | 11901 ||| STAIRDANCE
 11948 | Lair:5   | HP: 7/94 [lindwurm/blast of flame (29)]
 11949 | Lair:5   | 11949 ||| DRINKING 3 potions of heal wounds.
 12120 | Lair:5   | 12120 ||| PLANNING D:1-11
 12209 | D:10     | Entered Level 10 of the Dungeon
 12314 | D:10     | Received a gift from Okawaru
 12328 | D:10     | 12328 ||| FLEEEEING.
 12339 | D:10     | 12339 ||| FLEEEEING.
 12343 | D:10     | 12343 ||| FLEEEEING.
 12344 | D:10     | 12344 ||| FLEEEEING.
 12345 | D:10     | 12345 ||| FLEEEEING.
 12347 | D:10     | 12347 ||| STAIRDANCE
 12423 | D:9      | 12423 ||| BUYING potion of enlightenment (85 gold).
 12423 | D:9      | Bought a potion of enlightenment for 85 gold pieces
 12423 | D:9      | 12423 ||| BUYING wand of digging (7) (499 gold).
 12423 | D:9      | Bought a wand of digging (7) for 499 gold pieces
 12423 | D:9      | 12423 ||| UPGRADING to +0 pair of boots.
 12428 | D:9      | 12428 ||| READING 4 scrolls of identify.
 12428 | D:9      | 12428 ||| IDENTIFYING scroll labelled DAIL LUITILALL
 12429 | D:9      | 12429 ||| READING scroll of brand weapon.
 12429 | D:9      | 12429 ||| BRANDING +3 orcbow of flaming.
 12464 | D:10     | Found a shimmering altar of Xom.
 12879 | D:10     | 12879 ||| UPGRADING to +0 acid dragon scales.
 12889 | D:10     | 12889 ||| READING 3 scrolls of identify.
 12889 | D:10     | 12889 ||| IDENTIFYING scroll labelled KYUTHRE CATAI
 12890 | D:10     | 12890 ||| DROPPING scroll of poison.
 12916 | D:11     | 12916 ||| Stepping randomly (disturbance).
 12917 | D:11     | 12917 ||| Stepping randomly (disturbance).
 12918 | D:11     | 12918 ||| Stepping randomly (disturbance).
 12919 | D:11     | 12919 ||| Stepping randomly (disturbance).
 12921 | D:11     | 12921 ||| Stepping randomly (disturbance).
 12929 | D:11     | 12929 ||| FLEEEEING.
 12933 | D:11     | 12933 ||| STAIRDANCE
 12999 | D:11     | 12999 ||| STAIRDANCE
 13001 | D:10     | 13001 ||| FLEEEEING.
 13033 | D:11     | 13033 ||| Stepping randomly (disturbance).
 13040 | D:11     | 13040 ||| FLEEEEING.
 13042 | D:11     | 13042 ||| STAIRDANCE
 13181 | D:11     | Noticed Grum
 13186 | D:11     | Killed Grum
 13334 | D:11     | Noticed Erolcha
 13338 | D:11     | Killed Erolcha
 13397 | D:11     | 13397 ||| FLEEEEING.
 13677 | D:11     | 13677 ||| FLEEEEING.
 13825 | D:11     | 13825 ||| FLEEEEING.
 13923 | D:11     | 13923 ||| PLANNING D
 13972 | D:12     | Reached skill level 9 in Armour
 14090 | D:12     | Received a gift from Okawaru
 14093 | D:12     | 14093 ||| RETREEEEATING.
 14094 | D:12     | 14094 ||| RETREEEEATING.
 14095 | D:12     | 14095 ||| RETREEEEATING.
 14096 | D:12     | 14096 ||| RETREEEEATING.
 14102 | D:12     | 14102 ||| RETREEEEATING.
 14104 | D:12     | 14104 ||| RETREEEEATING.
 14115 | D:12     | Reached ****** piety under Okawaru
 14117 | D:12     | 14117 ||| RETREEEEATING.
 14119 | D:12     | 14119 ||| RETREEEEATING.
 14127 | D:12     | 14127 ||| RETREEEEATING.
 14131 | D:12     | 14131 ||| RETREEEEATING.
 14132 | D:12     | 14132 ||| RETREEEEATING.
 14133 | D:12     | 14133 ||| RETREEEEATING.
 14134 | D:12     | 14134 ||| RETREEEEATING.
 14141 | D:12     | 14141 ||| INVOKING Finesse.
 14198 | D:12     | 14198 ||| FLEEEEING.
 14226 | D:12     | 14226 ||| FLEEEEING.
 14238 | D:12     | 14238 ||| FLEEEEING.
 14240 | D:12     | 14240 ||| STAIRDANCE
 14337 | D:11     | 14337 ||| DROPPING ring of ice.
 14383 | D:12     | Found a staircase to the Orcish Mines.
 14434 | D:12     | Found a broken altar of Ashenzari.
 14706 | D:13     | Noticed Kirke
 14707 | D:13     | 14707 ||| RETREEEEATING.
 14709 | D:13     | 14709 ||| INVOKING Finesse.
 14714 | D:13     | Reached skill level 9 in Dodging
 14723 | D:13     | Killed Kirke
 14723 | D:13     | Received a gift from Okawaru
 14773 | D:13     | 14773 ||| RETREEEEATING.
 14806 | D:13     | 14806 ||| FLEEEEING.
 14902 | D:13     | 14902 ||| FLEEEEING.
 15008 | D:13     | 15008 ||| FLEEEEING.
 15037 | D:13     | 15037 ||| INVOKING Receive Weapon.
 15037 | D:13     | 15037 ||| ACQUIRING +4 triple crossbow of flaming
 15037 | D:13     | Acquired a +4 triple crossbow of flaming
 15037 | D:13     | Received a gift from Okawaru
 15038 | D:13     | 15038 ||| INVOKING Receive Armour.
 15038 | D:13     | 15038 ||| ACQUIRING +1 cloak of Recklessness {rElec Str+4
                  | Dex+6}
 15038 | D:13     | Acquired the +1 cloak of Recklessness {rElec Str+4 Dex+6}
 15038 | D:13     | Received a gift from Okawaru
 15040 | D:13     | 15040 ||| SWAPPING to +4 triple crossbow of flaming.
 15041 | D:13     | 15041 ||| DROPPING +3 orcbow of freezing.
 15110 | D:13     | 15110 ||| READING scroll of enchant armour.
 15110 | D:13     | 15110 ||| ENCHANTING +0 acid dragon scales.
 15236 | D:13     | Received a gift from Okawaru
 15362 | D:13     | 15362 ||| UPGRADING to +1 cloak of Recklessness {rElec
                  | Str+4 Dex+6}.
 15372 | D:13     | 15372 ||| DROPPING +0 cloak.
 15404 | D:14     | 15404 ||| Stepping ~*~*~tactically~*~*~ (cloud).
 15469 | D:14     | 15469 ||| FLEEEEING.
 15534 | D:14     | Reached XP level 15. HP: 65/101 MP: 22/22
 15540 | D:14     | 15540 ||| FLEEEEING.
 15649 | D:14     | 15649 ||| FLEEEEING.
 15691 | D:14     | Found a burning altar of Makhleb.
 15735 | D:14     | 15735 ||| RETREEEEATING.
 15736 | D:14     | 15736 ||| RETREEEEATING.
 15737 | D:14     | 15737 ||| RETREEEEATING.
 15738 | D:14     | 15738 ||| RETREEEEATING.
 15739 | D:14     | 15739 ||| RETREEEEATING.
 15740 | D:14     | 15740 ||| RETREEEEATING.
 15741 | D:14     | 15741 ||| RETREEEEATING.
 15746 | D:14     | 15746 ||| FLEEEEING.
 15747 | D:14     | 15747 ||| FLEEEEING.
 15748 | D:14     | 15748 ||| FLEEEEING.
 15749 | D:14     | 15749 ||| FLEEEEING.
 15750 | D:14     | 15750 ||| FLEEEEING.
 15751 | D:14     | 15751 ||| FLEEEEING.
 15752 | D:14     | 15752 ||| FLEEEEING.
 15860 | D:14     | Reached skill level 17 in Ranged Weapons
 15914 | D:14     | Received a gift from Okawaru
 15920 | D:14     | 15920 ||| FLEEEEING.
 15924 | D:14     | 15924 ||| STAIRDANCE
 16071 | D:14     | 16071 ||| RETREEEEATING.
 16072 | D:14     | 16072 ||| RETREEEEATING.
 16075 | D:14     | 16075 ||| RETREEEEATING.
 16265 | D:14     | HP: 10/101 [centaur warrior/arrow (20)]
 16266 | D:14     | 16266 ||| DRINKING 3 potions of heal wounds.
 16267 | D:14     | 16267 ||| DRINKING 2 potions of heal wounds.
 16269 | D:14     | 16269 ||| DRINKING potion of heal wounds.
 16270 | D:14     | HP: 24/101 [centaur warrior/arrow (10)]
 16272 | D:14     | HP: 3/101 [centaur warrior/arrow (10)]
 16273 | D:14     | Mangled by a centaur warrior

Levels and vault maps discovered:
D:1:      roderic_octagonal_star, layout_basic
D:2:      layout_rooms, minmay_liquid_box, uniq_terence, uniq_robin
D:3:      layout_basic, nicolae_overflow_hidden_temple,
          hellmonk_ecumenical_altar_leap_of_faith, nicolae_shop_unique_rings
D:4:      layout_rooms, lemuel_doored_altar
D:5:      layout_basic, minmay_fractal_squares_5
D:6:      layout_cave_pools, overflow_temple_1_default, minmay_misc_feat_five
D:7:      layout_rooms, riverfiend_overflow_shadow_ancestor,
          minmay_temple_entry_mist, roderic_roman_lattice
D:8:      layout_cave_pools, nicolae_overflow_hallway_of_the_gods, serial_glass,
          glass_columns_c, glass_columns_b, glass_columns_a, glass_columns_a,
          glass_columns_b, glass_columns_b, glass_columns_a, glass_columns_a,
          glass_columns_a, glass_columns_a, feat_on_display
D:9:      layout_loops_ring, okawaru_trees_2, david_lair_generic,
          dk_noncrumbling_3, nicolae_island_escapes, uniq_pikel
D:10:     layout_roguey, xom_confusion_cloud
D:11:     layout_roguey, uniq_grum, uniq_erolcha
D:12:     layout_big_octagon, david_orc_3, st_stairs_12,
          ashenzari_conservatory_becter
D:13:     layout_basic, st_stairs_10, uniq_kirke
D:14:     regret_index_dithmenos_penumbral_divide, layout_basic, erik_vaults_2,
          bloody_makhleb
Temple:   jpeg_temple_island
Lair:1:   beast_lair_carwin_large_4, layout_regular_city,
          lightli_volcano_entry_magma_tube, lemuel_old_faithful
Lair:2:   layout_roguey, elwin_shoals_entry_rocks, spider_nest_entry_a,
          infiniplex_staircase_pool
Lair:3:   layout_chaotic_city, gammafunk_ghost_split, nzn_random_ring,
          grunt_megastairs_4, uniq_rupert
Lair:4:   layout_regular_city
Lair:5:   evilmike_catoblepas_cave, layout_loops_ring, slime_entry_1,
          minmay_lindwurm_lava

Skill      XL: |  1  2  3  4  5  6  7  8  9 10 11 12 13 14 15 |
---------------+----------------------------------------------+-----
Ranged Weapons | 5 6 7 9 10 12 14 15 16 17 | 17.5
Fighting       | 11 13 14 | 14.6
Armour         | 2 3 4 7 9 |  9.0
Dodging        | 2 3 4 5 7 9 |  9.0
Invocations    | 4 7 10 | 10.0
Stealth        | |  1.1

Action                     |  1- 3 |  4- 6 |  7- 9 | 10-12 | 13-15 || total
---------------------------+-------+-------+-------+-------+-------++-------
   Fire: Shortbow          |    64 |   206 |   236 |       |       ||   506
         Orcbow            |       |       |    81 |   456 |   722 ||  1259
         Triple crossbow   |       |       |       |       |    89 ||    89
 Invoke: Heroism           |       |       |       |     5 |     1 ||     6
         Finesse           |       |       |       |     7 |     7 ||    14
         Receive Weapon    |       |       |       |       |     1 ||     1
         Receive Armour    |       |       |       |       |     1 ||     1
    Use: Scroll            |     5 |     4 |     9 |    10 |     5 ||    33
         Potion            |     1 |     1 |     3 |     2 |     7 ||    14
 Armour: Leather armour    |    14 |    62 |       |       |       ||    76
         Ring mail         |       |    79 |   140 |   156 |   126 ||   501
         Acid dragon scale |       |       |       |       |   133 ||   133
  Dodge: Dodged            |    14 |   108 |   112 |   165 |   244 ||   643

Table legend:
 A = Non-vault XP
 B = Vault XP
 C = Vault XP percentage of total XP
 D = Non-vault monster count
 E = Vault monster count
 F = Vault count percentage of total count
                 A         B        C        D         E       F
            +---------+---------+-------+---------+---------+-------
      Total |   56689 |   42308 |  42.7 |     367 |     145 |  28.3
            +---------+---------+-------+---------+---------+-------
        D:1 |      46 |       0 |   0.0 |      28 |       0 |   0.0
        D:2 |      67 |      71 |  51.4 |      25 |      13 |  34.2
        D:3 |      24 |       0 |   0.0 |      11 |       0 |   0.0
        D:4 |     566 |       0 |   0.0 |      31 |       0 |   0.0
        D:5 |     489 |     481 |  49.6 |      19 |       7 |  26.9
        D:6 |     324 |       0 |   0.0 |      12 |       0 |   0.0
        D:7 |    1195 |       0 |   0.0 |      21 |       0 |   0.0
        D:8 |    1418 |       0 |   0.0 |      15 |       0 |   0.0
        D:9 |     816 |    1693 |  67.5 |      12 |       5 |  29.4
       D:10 |     831 |    2136 |  72.0 |      16 |      10 |  38.5
       D:11 |    3506 |    1360 |  27.9 |      15 |       5 |  25.0
       D:12 |    4397 |    1240 |  22.0 |      24 |      10 |  29.4
       D:13 |    5676 |    3068 |  35.1 |      13 |       6 |  31.6
       D:14 |    9493 |    7588 |  44.4 |      20 |      15 |  42.9
     Lair:1 |    5616 |    1768 |  23.9 |      23 |      15 |  39.5
     Lair:2 |    2683 |     791 |  22.8 |       9 |       4 |  30.8
     Lair:3 |    7222 |    9273 |  56.2 |      27 |      31 |  53.4
     Lair:4 |    4295 |       0 |   0.0 |      22 |       0 |   0.0
     Lair:5 |    8025 |   12839 |  61.5 |      24 |      24 |  50.0
            +---------+---------+-------+---------+---------+-------
